 Dungeon Crawl Stone Soup version 0.25-a0-1079-g858b6a6ff6 (webtiles) character file.

Game seed: 6863340185754039984, levelgen mode: classic

6 Amnesiac the Cutter (level 1, -3/11 HPs)
             Began as a Vine Stalker Monk on May 15, 2020.
             Slain by an adder (4 damage)
             ... on level 2 of the Dungeon.
             The game lasted 00:00:32 (120 turns).

Amnesiac the Cutter (Vine Stalker Monk)              Turns: 120, Time: 00:00:32

Health: -3/11      AC:  2    Str: 13    XL:     1   Next: 90%
Magic:  0/2        EV: 13    Int: 10    God:
Gold:   0          SH:  0    Dex: 16    Spells: 0/0 levels left

rFire    . . .     SeeInvis .   a - +0 short sword
rCold    . . .     Gourm    .   (no shield)
rNeg     . . .     Faith    .   b - +0 robe
rPois    .         Spirit   +   (no helmet)
rElec    .         Reflect  .   (no cloak)
rCorr    .         Harm     .   (no gloves)
MR       .....                  (no boots)
Stlth    ++........             (no amulet)
HPRegen  0.03/turn              (no ring)
MPRegen  0.08/turn              (no ring)

@: no status effects
A: fangs 2, magic shield, antimagic bite, no potion heal 3, rot immunity
a: no special abilities


You were on level 2 of the Dungeon.
You were not hungry.

You visited 1 branch of the dungeon, and saw 2 of its levels.

Inventory:

Hand Weapons
 a - a +0 short sword (weapon)
Armour
 b - a +0 robe (worn)
Scrolls
 e - a scroll of identify {!r, unknown}
Potions
 d - a potion of stabbing {!q, unknown}
Comestibles
 c - a ration
 f - a chunk of flesh


   Skills:
 + Level 2.7 Fighting
 * Level 2.8 Short Blades
 - Level 2.4 Dodging
 + Level 2.8 Stealth


You couldn't memorise any spells.
You didn't know any spells.
Your spell library was empty.

Dungeon Overview and Level Annotations

Branches:
Dungeon (2/15)

Altars:


Innate Abilities, Weirdness & Mutations

You have extremely sharp teeth.
When hurt, damage is shared between your health and your magic reserves.
Your bite disrupts and absorbs the magic of your enemies.
Potions cannot restore your health.
You are immune to rotting.


Message History

The dart slug launches a dart at you. The slug dart hits you.
Found a stone staircase leading down.
You hit the dart slug.
You bite the dart slug, but do no damage.
The dart slug is moderately wounded.
You hit the dart slug. You bite the dart slug. You drain its power.
The dart slug is almost dead.
The dart slug bites you.
You hit the dart slug.
You kill the dart slug!
Training target 2.6 for Stealth reached!
You need to enable at least one skill for training.
Found a short sword.
A bat comes into view.
Found 18 sling bullets.
There is a stone staircase leading down here.
No target in view!
The helpless bat fails to defend itself.
You puncture the bat!
You kill the bat!
No target in view!
You see here a bat corpse.
You butcher the bat corpse.
f - a chunk of flesh You see here a bat skeleton.
There is a stone staircase leading down here.
There is a stone staircase leading down here.
You climb downwards.
There is a stone staircase leading up here.
A rat comes into view.
Found 12 gold pieces.
A hobgoblin comes into view. It is wielding a +0 club.
A quokka comes into view.
Found 24 sling bullets.
Found a stone staircase leading up.
You barely miss the rat. You bite the rat. You drain its power.
The rat is moderately wounded.
The helpless hobgoblin fails to defend itself.
You puncture the hobgoblin!
You kill the hobgoblin!
The rat misses you.
You completely miss the rat.
The rat is moderately wounded.
The rat bites you but does no damage.
You hit the rat.
You kill the rat!
An adder comes into view.
Found a blackened granite ring.
You see here 12 gold pieces.
The quokka completely misses you. The quokka barely misses you.
You hit the adder but do no damage. The adder barely misses you.
The quokka bites you.
You completely miss the quokka. The adder bites you. The quokka bites you.
* * * LOW HITPOINT WARNING * * *
Unknown command.
The quokka bites you.
* * * LOW HITPOINT WARNING * * *
The adder completely misses you.
Unknown command.
You closely miss the adder. You bite the adder, but do no damage.
The quokka completely misses you. The adder closely misses you.
Unknown command.
You miss the adder. The quokka closely misses you. The adder bites you.
You die...

##+####.)#...<#
............#
............#
............#
............#
.......$....#
............#
.......S....#
...(...r@...#
............#
............#
......=.....#
............#
#############


You could see an adder and a quokka.

Vanquished Creatures
  A dart slug (D:1)
  A bat (D:1)
  A hobgoblin (D:2)
  A rat (D:2)
4 creatures vanquished.

Notes
Turn   | Place    | Note
-------+----------+-------------------------------------------
     0 | D:1      | Amnesiac the Vine Stalker Monk began the quest for the Orb.
     0 | D:1      | Reached XP level 1. HP: 11/11 MP: 2/2
   120 | D:2      | Slain by an adder

Illustrated notes

Levels and vault maps discovered:
D:1:      minmay_arrival_widening_spiral_wide, layout_basic
D:2:      layout_basic, roderic_roman_lattice, minmay_bisected

Action                   || total
-------------------------++-------
Melee: Short sword       ||    12
       Bite              ||     4
 Stab: Sleeping          ||     2
Armor: Robe              ||     1
Dodge: Dodged            ||     8

Table legend:
 A = Non-vault XP
 B = Vault XP
 C = Vault XP percentage of total XP
 D = Non-vault monster count
 E = Vault monster count
 F = Vault count percentage of total count
                 A         B        C        D         E       F
            +---------+---------+-------+---------+---------+-------
      Total |       9 |       0 |   0.0 |       4 |       0 |   0.0
            +---------+---------+-------+---------+---------+-------
        D:1 |       6 |       0 |   0.0 |       2 |       0 |   0.0
        D:2 |       3 |       0 |   0.0 |       2 |       0 |   0.0
            +---------+---------+-------+---------+---------+-------
